 Dungeon Crawl Stone Soup version 0.31-a0-1074-g0b22e4e0f1 (webtiles) character file.

Game seed: 11610058017328268708

1220 dsb the Covered (level 8, -7/68 HPs)
             Began as a Ghoul Monk on Nov 30, 2023.
             Was a Priest of Wu Jian.
             Mangled by a wight
             ... wielding a +5 halberd
              (8 damage)
             ... on level 7 of the Dungeon.
             The game lasted 00:35:12 (4749 turns).

dsb the Covered (Ghoul Monk)                        Turns: 4749, Time: 00:35:12

Health: -7/68      AC: 12    Str: 15    XL:     8   Next: 47%
Magic:  7/7        EV: 13    Int:  9    God:    Wu Jian [***...]
Gold:   240        SH:  0    Dex: 13    Spells: 7/7 levels left

rFire   . . .        h - +1 dagger (distort)
rCold   + . .        c - orb {light}
rNeg    + + +        e - +0 chain mail
rPois   ∞            Q - +0 helmet
rElec   .            D - +0 cloak
rCorr   .            (no gloves)
SInv    .            (no boots)
Will    .....        t - amulet of magic regeneration Stlth
                     v - ring of poison resistance
HPRegen 0.00/turn    k - +5 ring of evasion
MPRegen 0.50/turn

%: no passive effects
@: confused, inhibited regen, glowing
A: claws 1, cold resistance 1, negative energy resistance 3, inhibited
regeneration, torment resistance 2, devour on kill
a: Renounce Religion, Wall Jump, Serpent's Lash


You were on level 7 of the Dungeon.
You worshipped Wu Jian.
Wu Jian was most pleased with you.
You visited 1 branch of the dungeon, and saw 7 of its levels.

You collected 240 gold pieces.

Inventory:

Hand Weapons
 g - a +0 club
 h - a +1 dagger of distortion (weapon)
 l - a +0 whip
 r - a +0 spear
 s - a +0 spear
 w - a +0 dire flail
 x - a +0 scythe
 y - a +0 trident
 B - a +0 hand axe
 F - a +0 whip
 H - a +0 short sword
 I - a +0 club
 L - a +0 short sword
 N - a +1 short sword of venom
 P - a +0 dagger
 R - a +0 dagger
 T - a +0 hand axe
 W - a +0 dagger
 X - a +0 short sword
Missiles
 i - 38 stones
 j - 4 poisoned darts (quivered)
Armour
 a - a +0 robe
 c - an orb of light (worn)
 d - a +0 helmet
 e - a +0 chain mail (worn)
 f - a +2 robe of resistance
 o - a +0 ring mail
 p - a +0 robe
 A - a +0 robe
 C - a +0 chain mail
 D - a +0 cloak (worn)
 E - a +0 robe
 G - a +0 leather armour
 J - a +0 scale mail
 K - a +0 leather armour
 M - a +0 chain mail
 O - a +0 ring mail
 Q - a +0 helmet (worn)
 S - a +0 leather armour
 U - a +0 leather armour
 V - a +0 robe
 Y - a +0 ring mail
Magical Staves
 n - a staff of air
Jewellery
 k - a +5 ring of evasion (right claw)
 t - an amulet of magic regeneration (around neck)
 v - a ring of poison resistance (left claw)
Scrolls
 m - a scroll of identify
 Z - a scroll of revelation
Potions
 q - a potion of attraction
 u - a potion of curing


   Skills:
 + Level 5.0 Fighting
 + Level 4.7 Short Blades
 + Level 1.3 Throwing
 + Level 5.4 Armour
 + Level 3.5 Dodging
 + Level 2.1 Stealth
 + Level 4.0 Unarmed Combat


You had 7 spell levels left.
You didn't know any spells.
Your spell library was empty.

Dungeon Overview and Level Annotations

Branches:
Dungeon (7/15)
 Temple: D:4-7

Altars:
Fedhas
Nemelex Xobeh
Uskayaw
Vehumet
Wu Jian

Annotations:
D:6 Jeremiah
Abyss:1 Edmund


Innate Abilities, Weirdness & Mutations

You are immune to poison.
You have sharp fingernails.
Your flesh is cold resistant. (rC+)
You are immune to negative energy. (rN+++)
You do not regenerate when monsters are visible.
You are immune to unholy pain and torment.
You thrive by killing the living.


Message History

You feel invigorated. The orc barely misses you.
The centaur shoots an arrow.
The arrow closely misses you. The orc hits you but does no damage.
The orc priest closely misses you. The wight closely misses you.
The phantom misses you.
Okay, then.
You hit the orc priest.
Space warps horribly around the orc priest!
The orc priest is almost dead.
The orc hits you but does no damage. The wight hits you with a +1 hand axe.
* * * LOW HITPOINT WARNING * * *
You're too confused to move!
The orc barely misses you. The orc priest barely misses you.
The orc priest mumbles some strange prayers to Beogh against you.
Beogh smites you!
* * * LOW HITPOINT WARNING * * *
The phantom hits you but does no damage.
The wight misses you. The wight barely misses you.
The orc wizard casts a spell at you.
You are more confused.
The centaur shoots an arrow.
The arrow hits you.
* * * LOW HITPOINT WARNING * * *
You hit the phantom.
You destroy the phantom!
The Council accepts your kill.
You feel less invigorated. The orc hits you but does no damage. x2
The orc priest miscasts a cantrip.
The wight misses you. The orc hits you with a +0 short sword.
* * * LOW HITPOINT WARNING * * *
The wight misses you.
Your Fighting skill increases to level 5!
You are too confused!
The orc hits you but does no damage.
The orc priest looks encouraged for a moment.
The wight hits you from afar with a +5 halberd!
* * * LOW HITPOINT WARNING * * *
The orc priest attacks as it pursues you!
The orc priest hits you but does no damage.
The orc priest looks satisfied for a moment.
The orc closely misses you. The wight hits you with a +5 halberd!
You die...

........†.# ..≈~≈~≈c≈
..........## #.≈~≈~≈≈o~
...........###.≈~≈≈~≈≈≈
...............≈≈~≈≈~~~
#........#......≈≈.≈≈≈≈
............o.z.....#
.........#.oooz.....#
>$......#..z.o.....#
......$.#...@o.....#
........#.....######
.$...######## ....


You could see 3 wights, 2 orc priests, an orc wizard and 4 orcs.

Vanquished Creatures
  Sigmund (D:3)
  Menkaure (D:6)
  A water moccasin (D:7)
  A black bear (D:3)
  A phantom (D:7)
  Blork the orc (D:5)
  2 hounds (D:5)
  An orc priest (D:4)
  An iguana (D:5)
  Terence (D:3)
  An orc wizard (D:4)
  3 gnolls (D:5)
  5 adders
  2 worms (D:3)
  6 dart slugs
  6 orcs
  4 ball pythons
  2 endoplasms (D:1)
  3 giant cockroaches
  4 goblins
  4 hobgoblins
  A quokka (D:2)
  4 bats
  5 frilled lizards
  9 kobolds
  6 rats
76 creatures vanquished.

Notes
Turn   | Place    | Note
-------+----------+-------------------------------------------
     0 | D:1      | dsb the Ghoul Monk began the quest for the Orb.
     0 | D:1      | Reached XP level 1. HP: 19/19 MP: 0/0
   310 | D:1      | Reached XP level 2. HP: 20/26 MP: 1/1
   630 | D:1      | Reached XP level 3. HP: 31/31 MP: 2/2
  1174 | D:2      | Reached skill level 1 in Armour
  1174 | D:2      | Reached XP level 4. HP: 38/40 MP: 3/3
  1211 | D:2      | Reached skill level 1 in Short Blades
  1851 | D:3      | Noticed Sigmund
  1868 | D:3      | Killed Sigmund
  1869 | D:3      | Reached skill level 1 in Stealth
  1869 | D:3      | Reached XP level 5. HP: 28/46 MP: 4/4
  1869 | D:3      | Reached XP level 6. HP: 32/52 MP: 5/5
  2017 | D:3      | Found a faded altar of an unknown god.
  2021 | D:3      | Found a hide-covered altar of Uskayaw.
  2046 | D:3      | Prayed at the altar of an unknown god.
  2046 | D:3      | Became a worshipper of the Wu Jian Council
  2046 | D:3      | Reached * piety under Wu Jian
  2046 | D:3      | Reached ** piety under Wu Jian
  2319 | D:3      | Noticed Terence
  2327 | D:3      | Killed Terence
  2344 | D:3      | Noticed a black bear
  2359 | D:3      | Killed a black bear
  2837 | D:4      | Reached *** piety under Wu Jian
  2838 | D:4      | Reached XP level 7. HP: 59/59 MP: 6/6
  3031 | D:4      | Found a blossoming altar of Fedhas.
  3060 | D:5      | Entered Level 5 of the Dungeon
  3060 | D:5      | Found a radiant altar of Vehumet.
  3138 | D:5      | Noticed Edmund
  3144 | D:5      | Noticed Blork the orc
  3157 | D:5      | Banished Edmund
  3175 | D:5      | Killed Blork the orc
  3179 | D:5      | Reached skill level 1 in Throwing
  3480 | D:5      | Reached XP level 8. HP: 66/67 MP: 7/7
  3732 | D:6      | Found a sparkling altar of Nemelex Xobeh.
  3949 | D:6      | Noticed Menkaure
  3960 | D:6      | Killed Menkaure
  3961 | D:6      | Reached skill level 5 in Armour
  4039 | D:6      | Noticed Jeremiah
  4277 | D:6      | HP: 2/67 [steam dragon/ball of steam (4)]
  4747 | D:7      | Reached skill level 5 in Fighting
  4747 | D:7      | HP: 1/68 [wight/+5 halberd (10)]
  4749 | D:7      | Mangled by a wight

Illustrated notes

Levels and vault maps discovered:
D:1:      onia_arrival_pyramid, layout_loops_ring
D:2:      kennysheep_big_flooded_room, layout_loops_ring, hex_medium
D:3:      layout_basic, nicolae_overflow_ecumenical_swirl,
          chequers_serial_rivers_large_b, guppyfry_early_lair_pool,
          uniq_sigmund, uniq_terence
D:4:      nicolae_cairo_tiling_large_dashed, layout_loops_ring,
          fedhas_ov_isle_minmay
D:5:      layout_rooms, vehumet_crystals, uniq_edmund, uniq_blork_the_orc
D:6:      layout_cave_pods, nicolae_ru_the_path_less_chosen,
          mainiacjoe_overflow_catch_the_wave, uniq_menkaure, uniq_jeremiah
D:7:      nicolae_whirlpool, layout_rooms, nicolae_kikubaaqudgha_miasma_corner,
          minmay_temple_entry_offerings

Skill      XL: |  1  2  3  4  5  6  7  8 |
---------------+-------------------------+-----
Dodging        | 3 |  3.5
Armour         | 1 2 3 4 5 |  5.4
Short Blades   | 2 3 4 |  4.7
Fighting       | 4 5 |  5.0
Stealth        | 1 2 |  2.1
Unarmed Combat | 4 |  4.0
Throwing       | 1 |  1.3

Action                     |  1- 3 |  4- 6 |  7- 9 || total
---------------------------+-------+-------+-------++-------
  Melee: Unarmed           |    13 |       |       ||    13
         Dagger            |    46 |    83 |   132 ||   261
  Throw: Dart              |       |     3 |     6 ||     9
Ability: Lunge             |       |     6 |    16 ||    22
         Whirlwind         |       |     3 |    24 ||    27
    Use: Scroll            |     2 |     4 |     3 ||     9
         Potion            |     1 |     4 |     4 ||     9
 Armour: Chain mail        |    57 |    60 |    99 ||   216
         Robe              |     2 |       |       ||     2
  Dodge: Dodged            |    15 |    27 |    45 ||    87

Table legend: (Time is in decaauts)
 A = Elapsed time spent in this place.
 B = Non-inter-level travel time spent in this place.
 C = Inter-level travel time spent in this place.
 D = Time resting spent in this place.
 E = Time spent auto-exploring this place.
 F = Levels seen in this place.
 G = Mean time per level.
                   A        B        C        D        E       F      G
               +--------+--------+--------+--------+--------+-----+--------+
         Total |   4750 |   4747 |      3 |    596 |   2095 |   7 |  678.6 |
       Dungeon |   4750 |   4747 |      3 |    596 |   2095 |   7 |  678.6 |
               +--------+--------+--------+--------+--------+-----+--------+

Top non-repeatable levels by time:
     D:6: 1070 daAuts
     D:1: 1008 daAuts
     D:3: 1007 daAuts
     D:2: 837 daAuts
     D:5: 578 daAuts
     D:4: 224 daAuts
     D:7: 24 daAuts
